 Dungeon Crawl Stone Soup version 0.19.5 (webtiles) character file.

138 Kahsius the Skirmisher (level 5, -2/44 HPs)
             Began as a Demonspawn Wanderer on Mar 1, 2017.
             Was a Follower of Makhleb.
             Slain by a sky beast (5 damage)
             ... on level 5 of the Dungeon.
             The game lasted 00:24:05 (2612 turns).

Kahsius the Skirmisher (Demonspawn Wanderer)        Turns: 2612, Time: 00:24:06

Health: -2/44      AC: 12    Str: 16    XL:     5   Next: 1%
Magic:  5/5        EV:  4    Int: 12    God:    Makhleb [*.....]
Gold:   157        SH:  3    Dex: 11    Spells: 0 memorised, 4 levels left

rFire  . . .     SeeInvis .     a - +3 spear
rCold  + + .     Gourm    .     H - +2 plate armour
rNeg   . . .     Faith    .     w - +0 buckler
rPois  .         Spirit   .     (helmet restricted)
rElec  .         Reflect  .     (no cloak)
rCorr  .         Harm     .     (no gloves)
MR     .....                    (no boots)
Stlth  ..........               (no amulet)
                                (no ring)
                                m - ring of protection from cold

@: no status effects
A: horns 1, cold resistance 1, nightstalker 1, freezing cloud immunity
a: Renounce Religion


You were on level 5 of the Dungeon.
You worshipped Makhleb.
Makhleb was aware of your devotion.
You were not hungry.

You visited 1 branch of the dungeon, and saw 5 of its levels.

You collected 157 gold pieces.

Inventory:

Hand Weapons
 a - a +3 spear (weapon)
 e - a +0 dagger
 f - a +0 dagger
 g - a +0 club
 h - a +0 dagger
 k - a +0 dagger
 l - a +0 dagger
 q - a +0 club
 v - a +0 club
 x - a +0 club
 B - a +0 whip
 C - a +0 dagger
 E - a +0 club
 G - a +0 dagger
 I - a +0 club
 K - a +0 short sword
 L - a +0 dagger
 M - a +0 club
 N - a +0 short sword
 R - a +0 dagger
Missiles
 i - 62 stones (quivered)
 n - 15 poisoned needles
 A - 7 tomahawks
 D - 18 bolts
Armour
 d - a +0 robe
 r - a +0 leather armour
 w - a +0 buckler (worn)
 y - a +0 chain mail
 H - a +2 plate armour (worn)
 W - a +0 chain mail
 X - a +0 scale mail
Jewellery
 m - a ring of protection from cold (left hand)
 O - a +4 ring of strength {unknown}
Scrolls
 b - 4 scrolls of teleportation
 j - 4 scrolls of identify
 s - a scroll of fear
 u - 2 scrolls of remove curse
 J - a scroll of amnesia
Potions
 c - 2 potions of curing
 p - a potion of berserk rage {unknown}
 z - a potion of invisibility {unknown}
 F - a potion of heal wounds {unknown}
 Q - a potion of agility {unknown}
 S - 2 potions of cancellation {unknown}
 Y - a potion of magic {unknown}
Comestibles
 o - a fruit
 t - a beef jerky
 P - a royal jelly
 T - a meat ration


   Skills:
 + Level 5.2 Fighting
   Level 1.0 Long Blades
 + Level 2.9 Polearms
 + Level 0.6 Armour
 + Level 1.0 Dodging
 + Level 2.2 Stealth
 + Level 1.0 Shields


You had 4 spell levels left.
You didn't know any spells.

Dungeon Overview and Level Annotations

Branches:
Dungeon (5/15)
 Temple: D:4-7

Altars:
Fedhas
Makhleb
Yredelemnul


Innate Abilities, Weirdness & Mutations

You have a pair of small horns on your head.
Your flesh is cold resistant. (rC+)
You are slightly more attuned to the shadows.
You are immune to freezing clouds.


Message History

You feel less concerned about cold. Something hits you. Something shocks you.
No target in view!
No target in view!
No target in view!
No target in view!
You closely miss something. You headbutt something. Something hits you.
Something shocks you. Something hits you but does no damage.
You drop a club.
Something hits you but does no damage.
You drop a club.
Something hits you. Something shocks you.
* * * LOW HITPOINT WARNING * * *
Something hits you.
* * * LOW HITPOINT WARNING * * *
Something shocks you.
* * * LOW HITPOINT WARNING * * *
Something hits you.
* * * LOW HITPOINT WARNING * * *
Something shocks you.
You die...

########.
#........ . #
#.######.
..#.####.######
.......†.......
.....#@.......#
# #..........
#..........
#>.........
#..........
#..........
..........#
##.......


There were no monsters in sight!

Vanquished Creatures
  A crimson imp (D:3)
  A worker ant (D:5)
  An adder (D:2)
  2 oozes (D:2)
  An adder zombie (D:3)
  2 worms
  A dart slug (D:1)
  A leopard gecko (D:1)
  2 giant cockroaches
  5 goblins
  10 hobgoblins
  A jackal (D:3)
  8 kobolds
  A quokka (D:4)
  3 ball pythons
  A bat (D:2)
  4 frilled lizards
  5 rats
50 creatures vanquished.

Notes
Turn   | Place    | Note
-------+----------+-------------------------------------------
     0 | D:1      | Kahsius the Demonspawn Wanderer began the quest for the Orb.
     0 | D:1      | Kahsius set off with: a +2 spear, a scroll of teleportation, a potion of curing, a +0 robe, a +0 dagger, a bread ration
     0 | D:1      | Reached XP level 1. HP: 19/19 MP: 1/1
    84 | D:1      | Gained mutation: You have a pair of small horns on your head. [demonic ancestry]
    84 | D:1      | Reached XP level 2. HP: 21/26 MP: 2/2
   637 | D:2      | Gained mutation: You are slightly more attuned to the shadows. [demonic ancestry]
   637 | D:2      | Reached XP level 3. HP: 31/31 MP: 3/3
  1088 | D:2      | Reached skill level 5 in Fighting
  1311 | D:3      | Gained mutation: Your flesh is cold resistant. (rC+) [demonic ancestry]
  1311 | D:3      | Reached XP level 4. HP: 30/39 MP: 4/4
  1545 | D:3      | Found a basalt altar of Yredelemnul.
  1549 | D:3      | Found a faded altar of an unknown god.
  1556 | D:3      | Found a faded altar of an unknown god.
  1558 | D:3      | Found a faded altar of an unknown god.
  1565 | D:3      | Found a faded altar of an unknown god.
  1612 | D:3      | Became a worshipper of Makhleb the Destroyer
  1612 | D:3      | Reached * piety under Makhleb
  2332 | D:4      | Found a blossoming altar of Fedhas.
  2591 | D:5      | Entered Level 5 of the Dungeon
  2595 | D:5      | Noticed a sky beast
  2605 | D:5      | Reached skill level 1 in Dodging
  2605 | D:5      | Gained mutation: You are immune to freezing clouds. [demonic ancestry]
  2605 | D:5      | Reached XP level 5. HP: 31/44 MP: 5/5
  2612 | D:5      | Slain by a sky beast

Skill      XL: |  1  2  3  4 |
---------------+-------------+-----
Polearms       | 2 |  2.9
Stealth        | 2 |  2.2
Fighting       | 5 |  5.2
Dodging        | 1 |  1.0
Long Blades    | |  1.0
Armour         | |  0.6
Shields        | |  1.0

Action                   |  1- 3 |  4- 6 || total
-------------------------+-------+-------++-------
Melee: Spear             |   103 |    48 ||   151
       Headbutt          |     8 |     4 ||    12
  Use: Scroll            |     7 |       ||     7
 Stab: Sleeping          |     1 |       ||     1
  Eat: Bread ration      |     1 |       ||     1
       Fruit             |       |     1 ||     1
Armor: Robe              |     6 |       ||     6
       Plate armour      |    26 |    27 ||    53
Dodge: Dodged            |    19 |     6 ||    25
Block: Buckler           |     3 |     2 ||     5
